3056 views
Uploaded 2020-04-20 14:01:53
Game version 1.32.3
12:52 long 1on1 custom game on (2)Amazonia
Game name "W3Champions-20-6oTM17NLyW"
Saved by Knofflover
3056 views
Uploaded 2020-04-20 14:01:53
Game version 1.32.3
12:52 long 1on1 custom game on (2)Amazonia
Game name "W3Champions-20-6oTM17NLyW"

27 units @ 3.7k
/ 0.3k
14 buildings @ 1.4k
/ 0.6k


| Scroll of Town Portal | 1 | 350 |
| total: | 1 | 350g |
| Peasant | 11 | 825 | / | 0 |
| Footman | 3 | 405 | / | 0 |
| Rifleman | 10 | 2050 | / | 300 |
| Priest | 3 | 405 | / | 30 |
| total: | 27 | 3685g | / | 330w |
| Scout Tower | 1 | 30 | / | 20 |
| Arcane Tower | 1 | 70 | / | 50 |
| Altar of Kings | 1 | 180 | / | 50 |
| Farm | 8 | 640 | / | 160 |
| Barracks | 1 | 160 | / | 60 |
| Blacksmith | 1 | 140 | / | 60 |
| Arcane Sanctum | 2 | 300 | / | 280 |
| Keep | 1 | 320 | / | 210 |
| total: | 14 | 1450g | / | 630w |
| 0:04 | Peasant |
| 0:04 | Peasant |
| 0:08 | Altar of Kings |
| 0:20 | Farm |
| 0:22 | Barracks |
| 0:36 | Peasant |
| 0:40 | Peasant |
| 0:52 | Farm |
| 0:57 | Peasant |
| 1:06 | Peasant |
| 1:22 | Peasant |
| 1:24 | Footman |
| 1:31 | Farm |
| 1:46 | Footman |
| 1:53 | Peasant |
| 1:53 | Peasant |
| 2:00 | Peasant |
| 2:09 | Summon Water Elemental |
| 2:46 | Footman |
| 2:52 | Keep |
| 3:12 | Scout Tower |
| 3:33 | Brilliance Aura |
| 3:38 | Arcane Tower |
| 4:08 | Farm |
| 4:14 | Blacksmith |
| 5:21 | Arcane Sanctum |
| 5:27 | Rifleman |
| 5:39 | Rifleman |
| 5:46 | Peasant |
| 5:54 | Arcane Sanctum |
| 6:06 | Rifleman |
| 6:15 | Storm Bolt |
| 6:32 | Priest Adept Training |
| 6:36 | Rifleman |
| 6:38 | Farm |
| 6:39 | Farm |
| 6:39 | Farm |
| 6:43 | Summon Water Elemental |
| 6:56 | Black Gunpowder |
| 6:59 | Long Rifles |
| 7:04 | Farm |
| 7:10 | Rifleman |
| 7:34 | Thunder Clap |
| 7:36 | Priest |
| 7:42 | Priest |
| 8:11 | Priest |
| 8:24 | Rifleman |
| 8:26 | Studded Leather Armor |
| 9:21 | Rifleman |
| 9:23 | Refined Gunpowder |
| 9:37 | Rifleman |
| 9:40 | Thunder Clap |
| 9:54 | Rifleman |
| 10:05 | Brilliance Aura |
| 10:27 | Reinforced Leather Armor |
| 10:29 | Rifleman |
| 11:40 | Scroll of Town Portal |
| 11:46 | Storm Bolt |
| Select group | 812 |
| Right click | 769 |
| Select | 317 |
| Chat | 120 |
| Build/train/purchase | 119 |
| Assign group | 117 |
| Misc. action | 68 |
| Use ability | 22 |
| Remove unit | 2 |
| Item give/drop | 1 |
| Esc | 1 |
26 units @ 3.9k
/ 0.3k
12 buildings @ 1.9k
/ 0.8k


| Healing Salve | 4 | 400 |
| Lesser Clarity Potion | 3 | 210 |
| Scroll of Speed | 2 | 100 |
| Scroll of Town Portal | 1 | 350 |
| total: | 10 | 1060g |
| Peon | 7 | 525 | / | 0 |
| Grunt | 9 | 1800 | / | 0 |
| Shaman | 6 | 780 | / | 120 |
| Raider | 3 | 540 | / | 120 |
| Kodo Beast | 1 | 255 | / | 60 |
| total: | 26 | 3900g | / | 300w |
| Altar of Storms | 1 | 180 | / | 50 |
| Orc Burrow | 5 | 800 | / | 200 |
| Barracks | 1 | 180 | / | 50 |
| War Mill | 1 | 205 | / | 0 |
| Voodoo Lounge | 1 | 130 | / | 30 |
| Beastiary | 2 | 290 | / | 280 |
| Spirit Lodge | 1 | 150 | / | 150 |
| Stronghold | 1 | 315 | / | 190 |
| total: | 12 | 1935g | / | 760w |
| 0:01 | Peon |
| 0:01 | Peon |
| 0:03 | Altar of Storms |
| 0:17 | Orc Burrow |
| 0:19 | Peon |
| 0:33 | Barracks |
| 0:41 | Peon |
| 0:52 | Peon |
| 1:11 | Peon |
| 1:19 | Peon |
| 1:35 | Grunt |
| 2:04 | Feral Spirit |
| 2:10 | Stronghold |
| 2:22 | Orc Burrow |
| 2:48 | War Mill |
| 3:12 | Voodoo Lounge |
| 3:33 | Grunt |
| 3:54 | Orc Burrow |
| 4:11 | Grunt |
| 4:11 | Grunt |
| 4:38 | Beastiary |
| 4:41 | Spirit Lodge |
| 5:17 | Grunt |
| 5:23 | Chain Lighting |
| 5:33 | Orc Burrow |
| 5:53 | War Stomp |
| 5:55 | Healing Salve |
| 5:55 | Lesser Clarity Potion |
| 5:55 | Scroll of Speed |
| 5:55 | Healing Salve |
| 6:08 | Shaman Adept Training |
| 6:09 | Shaman |
| 6:11 | Berserker Strength |
| 6:33 | Grunt |
| 6:33 | Shaman |
| 6:43 | Beastiary |
| 6:51 | Steel Armor |
| 7:12 | Shaman |
| 7:22 | Endurance Aura |
| 7:27 | Shaman |
| 7:29 | Orc Burrow |
| 7:51 | Feral Spirit |
| 8:21 | Ensnare |
| 8:21 | Raider |
| 8:22 | Shaman |
| 9:21 | Grunt |
| 9:21 | Shaman |
| 9:22 | Raider |
| 9:40 | Grunt |
| 9:41 | Kodo Beast |
| 9:59 | Healing Salve |
| 10:00 | Lesser Clarity Potion |
| 10:18 | Scroll of Town Portal |
| 10:21 | Scroll of Speed |
| 10:47 | War Stomp |
| 11:14 | Raider |
| 11:17 | Lesser Clarity Potion |
| 11:21 | Healing Salve |
| 11:43 | Grunt |
| Right click | 998 |
| Select group | 734 |
| Select | 415 |
| Misc. action | 120 |
| Build/train/purchase | 85 |
| Chat | 75 |
| Assign group | 55 |
| Use ability | 45 |
| Item give/drop | 6 |
| Esc | 3 |